 Dungeon Crawl Stone Soup version 0.21.1 (webtiles) character file.

72 shakethe the Cudgeler (level 4, -9/41 HPs)
             Began as a Minotaur Berserker on Feb 5, 2018.
             Was a Believer of Trog.
             Splashed by a jelly's acid (10 damage)
             ... on level 2 of the Dungeon.
             The game lasted 00:03:46 (1598 turns).

shakethe the Cudgeler (Minotaur Berserker)          Turns: 1598, Time: 00:03:51

Health: -9/41      AC: -9    Str: 22    XL:     4   Next: 6%
Magic:  3/3        EV: 12    Int:  4    God:    Trog [**....]
Gold:   73         SH:  0    Dex: 10    Spells: 3/3 levels left

rFire    . . .     SeeInvis .   a - +0 mace
rCold    . . .     Gourm    .   (no shield)
rNeg     . . .     Faith    .   b - +0 animal skin
rPois    .         Spirit   .   (helmet restricted)
rElec    .         Reflect  .   (no cloak)
rCorr    .         Harm     .   (no gloves)
MR       .....                  (no boots)
Stlth    +.........             (no amulet)
HPRegen  0.13/turn              (no ring)
MPRegen  0.08/turn              (no ring)

@: corroded
A: retaliatory headbutt, horns 2
a: Berserk, Trog's Hand, Burn Spellbooks, Renounce Religion


You were on level 2 of the Dungeon.
You worshipped Trog.
Trog was pleased with you.
You were not hungry.

You visited 1 branch of the dungeon, and saw 2 of its levels.

You collected 73 gold pieces.

Inventory:

Hand Weapons
 a - a +0 mace (weapon)
 f - a cursed +0 whip
Armour
 b - a +0 animal skin (worn)
 k - a +1 robe of the Archmagi
Jewellery
 m - a cursed ring of loudness {unknown}
Scrolls
 d - 4 scrolls of identify {unknown}
 e - 2 scrolls of enchant armour {unknown}
 g - 3 scrolls of remove curse {unknown}
 h - a scroll of amnesia {unknown}
 j - 3 scrolls of teleportation {unknown}
 l - a scroll of fear {unknown}
 p - a scroll of blinking {unknown}
Potions
 i - a potion of heal wounds {unknown}
Books
 n - a book of Changes

   Spells                             Type                      Level
   a - Beastly Appendage              Transmutation                1
   b - Sticks to Snakes               Transmutation                2
   c - Spider Form                    Transmutation/Poison         3
   d - Ice Form                       Ice/Transmutation            4
   e - Blade Hands                    Transmutation                5
   Trog disapproves of the use of such an item.
Comestibles
 c - 5 rations
 o - 3 chunks of flesh


   Skills:
 + Level 4.5 Fighting
 * Level 5.3 Maces & Flails
 - Level 2.4 Armour
 - Level 2.2 Dodging


You had 3 spell levels left.
You didn't know any spells.

Dungeon Overview and Level Annotations

Branches:
Dungeon (2/15)

Altars:


Innate Abilities, Weirdness & Mutations

You reflexively headbutt those who attack you in melee.
You have a pair of horns on your head.


Message History

You hit the jelly. The acid corrodes you!
Your hands burn!
The jelly is moderately wounded.
The jelly hits you. The acid corrodes you!
You are splashed with acid!
The acid burns!
You sock the jelly!
Your hands burn!
The jelly is severely wounded.
The jelly hits you.
You are splashed with acid!
The acid burns!
You hit the jelly.
Your hands burn!
The jelly is almost dead.
The jelly hits you.
* * * LOW HITPOINT WARNING * * *
The acid corrodes you!
You are splashed with acid!
The acid burns!
* * * LOW HITPOINT WARNING * * *
You hit the jelly but do no damage.
Your hands burn!
* * * LOW HITPOINT WARNING * * *
The jelly is almost dead.
The jelly hits you.
* * * LOW HITPOINT WARNING * * *
You are splashed with acid!
The acid burns!
You die...

#.......###..#######.#.#
#####+#...[..........#.#
#.#..##............#
#.#..###.###########
#.#................#
#.#.####.#########.#
#......#......##.#.#
###.##.#..###.......
#.@...#...#######..
#.J#..#.........†..
#..#..######.÷..#.#
#..#...............
#.......#########.#
#.......'....)....#
#.......#########.#
#....#+#............#
#....# #.......#.....


You could see a jelly.

Vanquished Creatures
  2 adders (D:2)
  An ooze (D:1)
  A worm (D:2)
  A dart slug (D:2)
  A leopard gecko (D:1)
  3 giant cockroaches
  3 goblins (D:1)
  5 hobgoblins
  2 jackals (D:1)
  11 kobolds
  2 ball pythons
  6 bats
  3 frilled lizards
  2 rats (D:2)
43 creatures vanquished.

Vanquished Creatures (others)
  4 fungi (D:2)
  15 toadstools
19 creatures vanquished.

Grand Total: 62 creatures vanquished

Notes
Turn   | Place    | Note
-------+----------+-------------------------------------------
     0 | D:1      | shakethe the Minotaur Berserker began the quest for the Orb.
     0 | D:1      | Reached XP level 1. HP: 19/19 MP: 0/0
   144 | D:1      | Reached skill level 4 in Maces & Flails
   144 | D:1      | Reached XP level 2. HP: 17/27 MP: 1/1
   748 | D:2      | Reached XP level 3. HP: 24/33 MP: 2/2
   888 | D:2      | Reached skill level 5 in Maces & Flails
  1011 | D:2      | Reached ** piety under Trog
  1468 | D:2      | Reached XP level 4. HP: 35/41 MP: 3/3
  1598 | D:2      | HP: 1/41 [jelly (2)]
  1598 | D:2      | Splashed by a jelly's acid

Skill      XL: |  1  2  3 |
---------------+----------+-----
Maces & Flails | 4 5 |  5.3
Fighting       | 4 |  4.5
Armour         | |  2.4
Dodging        | |  2.2

Action                   |  1- 3 |  4- 6 || total
-------------------------+-------+-------++-------
Melee: Mace              |    72 |     8 ||    80
       Headbutt          |     7 |       ||     7
  Eat: Chunk             |     2 |       ||     2
Armor: Animal skin       |    16 |       ||    16
Dodge: Dodged            |    74 |     4 ||    78
